 Dungeon Crawl Stone Soup version 0.15.2 (webtiles) character file.

3934 kae the Martial Artist (level 10, -3/71 HPs)
             Began as a Black Draconian Transmuter on Jan 28, 2015.
             Was a Priest of Makhleb.
             Slain by a giant frog (7 damage)
             ... on Level 8 of the Dungeon on Jan 30, 2015.
             The game lasted 00:14:51 (10991 turns).

kae the Martial Artist (DrTm)                      Turns: 10991, Time: 00:14:52

HP  -3/71        AC  7     Str 12      XL: 10   Next:  1%
MP  16/16        EV 12     Int 14      God: Makhleb [***...]
Gold 239         SH  0     Dex 15      Spells:  3 memorised,  7 levels left

rFire  . . .     SeeInvis .       - Unarmed
rCold  . . .     Clarity  .     (armour unavailable)
rNeg   . . .     rCorr    .     (no shield)
rPois  .         rRot     .     (helmet restricted)
rElec  +         Spirit   .     (no cloak)
SustAb .         Warding  .     (no gloves)
rMut   .         Stasis   .     (no boots)
Gourm  .                        (no amulet)
MR     .....                    (no ring)
                                (no ring)

@: not resistant to hostile enchantments, very unstealthy
A: breathe lightning, unfitting armour, electricity resistance, cold-blooded, AC
+7
a: Breathe Lightning, Minor Destruction, Lesser Servant of Makhleb, Renounce
Religion


You were on level 8 of the Dungeon.
You worshipped Makhleb.
Makhleb was most pleased with you.
You were not hungry.

You visited 2 branches of the dungeon, and saw 9 of its levels.
You also visited: Ossuary.

You collected 299 gold pieces.
You spent 60 gold pieces at shops.

Inventory:

Missiles
 b - 77 arrows
 A - 17 arrows of flame
Magical devices
 o - a wand of slowing (17) {unknown}
 z - a wand of digging (8) {unknown}
 D - a wand of slowing (16) {unknown}
 H - a wand of digging (18) {unknown}
Comestibles
 a - 6 bread rations
 E - 2 beef jerkies
 F - 7 slices of pizza
 I - a meat ration
 M - a rotting chunk of centaur flesh
Scrolls
 c - 4 scrolls of remove curse {unknown}
 e - 3 scrolls of teleportation {unknown}
 g - a scroll of noise {unknown}
 i - 4 scrolls of identify {unknown}
 j - a scroll of amnesia {unknown}
 s - 3 scrolls of enchant armour {unknown}
 w - a scroll of holy word {unknown}
 x - a scroll of fog {unknown}
 B - 3 scrolls of blinking {unknown}
 J - a scroll of random uselessness {unknown}
 K - a scroll of vulnerability {unknown}
Jewellery
 f - a cursed ring of ice {unknown}
 l - a cursed amulet of rage {unknown}
 q - a cursed ring of magical power {unknown}
 y - a cursed +4 ring of intelligence {unknown}
 C - an uncursed amulet of resist corrosion {unknown}
 L - an uncursed amulet of resist corrosion {unknown}
 O - an uncursed ring of invisibility {unknown}
Potions
 k - 2 potions of might {unknown}
 m - 2 potions of invisibility {unknown}
 n - 2 potions of agility
 p - 2 potions of haste {unknown}
 r - 2 potions of heal wounds {unknown}
 t - a potion of flight {unknown}
 u - a potion of lignification {unknown}
 v - 2 potions of restore abilities {unknown}
Books
 d - a book of Changes

   Spells                             Type                      Level
   *Beastly Appendage                 Transmutation                1
   *Sticks to Snakes                  Transmutation                2
   *Spider Form                       Transmutation/Poison         3
   Ice Form                           Ice/Transmutation            4
   Blade Hands                        Transmutation                5
 G - a book of Alchemy

   Spells                             Type                      Level
   Sublimation of Blood               Necromancy                   2
   Alistair's Intoxication            Transmutation/Poison         4
   Condensation Shield                Ice                          4
   Petrify                            Transmutation/Earth          4
   Ignite Poison                      Fire/Transmutation           5
 N - a book of Conjurations

   Spells                             Type                      Level
   Magic Dart                         Conjuration                  1
   Searing Ray                        Conjuration                  2
   Dazzling Spray                     Conjuration/Hexes            3
   Fulminant Prism                    Conjuration/Hexes            4
   Iskenderun's Mystic Blast          Conjuration                  4
   Iskenderun's Battlesphere          Conjuration/Charms           5


   Skills:
 - Level 1.1 Fighting
 - Level 1.7 Dodging
 * Level 12.0 Unarmed Combat
 - Level 2.0 Spellcasting
 + Level 8.5 Transmutations


You had 7 spell levels left.
You knew the following spells:

 Your Spells              Type           Power        Failure   Level  Hunger
a - Beastly Appendage     Trmt           ####..       1%          1    ##.....
b - Sticks to Snakes      Trmt           ####......   1%          2    ###....
c - Spider Form           Trmt/Pois      ##........   14%         3    ####...


Dungeon Overview and Level Annotations

Branches:
Dungeon (8/15)             Temple (1/1) D:4
   Lair: D:8-11

Altars:
Ashenzari
Cheibriados
Dithmenos
Elyvilon
Fedhas
Kikubaaqudgha
Makhleb
Nemelex Xobeh
Okawaru
Sif Muna
Trog
Vehumet
Xom
Yredelemnul
Zin
The Shining One


Innate Abilities, Weirdness & Mutations

You can breathe wild blasts of lightning.
Your glossy black scales are hard (AC +7).
Your body does not fit into most forms of armour.
You are resistant to electric shocks.
Your cold-blooded metabolism reacts poorly to cold.


Message History

The giant frog closely misses you. The giant frog hits you!
* * * LOW HITPOINT WARNING * * *
The giant frog misses you.
You barely miss the giant frog. The giant frog closely misses you.
You hit the giant frog.
The giant frog is lightly wounded.
The giant frog closely misses you.
Drink which item? (? for menu, Esc to quit)
Okay, then.
Read which item? (? for menu, Esc to quit)
Okay, then.
You bite the giant frog!
The giant frog is poisoned.
The giant frog is severely wounded.
The giant frog completely misses you.
Your transformation has ended.
A sky beast appears from thin air!
Reactivating autopickup.
The giant frog hits you!
You die...

#..............#..... #
#..............#..... ###
#.................... ..####
##................... .....###
#.......>........... .......####
#...................
#.........#####.##...............
###.........###.###.....?.....#..
##............@FoY........###..
####..........#..########### ##.
##.............#.## #.
...<..........##.# #.
####..........##.# ## #
#...........#..# ##....####.#####
###### ###


You could see an orc warrior, a sky beast and a giant frog.

Vanquished Creatures
  The ghost of emiel the Cleaver, an experienced DDBe of Trog (D:5)
  Pikel (D:7)
  Grinder (D:6)
  A human (D:7)
  A yak (D:7)
  A warg (D:8)
  Edmund (D:7)
  Menkaure (D:7)
  An ice beast (D:6)
  3 slaves (D:7)
  2 centaurs
  An ogre (D:4)
  Duvessa (D:7)
  4 giant frogs
  3 scorpions
  A hippogriff skeleton (D:8)
  4 wights (D:5)
  A giant frog zombie (D:7)
  Dowan (D:7)
  3 crimson imps
  A quasit (D:4)
  2 hounds (D:6)
  2 orc priests
  A black bear skeleton (D:6)
  An orc wizard (D:8)
  5 worker ants
  2 iguanas (D:5)
  3 sheep (D:7)
  Ijyb (D:3)
  Jessica (D:3)
  13 mummies (Ossuary)
  3 gnolls (D:4)
  11 adders
  An inept feature mimic (D:4)
  3 giant mites
  4 worms
  An adder zombie (D:5)
  5 orc skeletons
  2 giant geckos (D:2)
  2 oozes
  8 orcs
  16 bats
  14 goblins
  9 hobgoblins
  16 jackals
  4 quokkas
  2 ball pythons
  8 giant cockroaches
  6 giant newts
  A giant spore (D:7)
  5 goblin skeletons
  9 kobolds
  4 kobold skeletons
  10 rats
  9 rat skeletons (Ossuary)
  A rat zombie (D:6)
  A spectral orc (D:2)
  3 ballistomycetes (D:7)
223 creatures vanquished.

Vanquished Creatures (others)
  A hobgoblin (D:7)
  2 rat skeletons (Ossuary)
  A butterfly (Ossuary)
4 creatures vanquished.

Grand Total: 227 creatures vanquished

Notes
Turn   | Place    | Note
--------------------------------------------------------------
     0 | D:1      | kae, the Draconian Transmuter, began the quest for the Orb.
     0 | D:1      | Reached XP level 1. HP: 16/16 MP: 3/3
   289 | D:1      | Reached XP level 2. HP: 21/23 MP: 2/4
   870 | D:2      | Reached XP level 3. HP: 17/28 MP: 6/6
   993 | D:1      | Learned a level 2 spell: Sticks to Snakes
   997 | D:1      | Learned a level 3 spell: Spider Form
  1035 | D:2      | Reached skill level 4 in Unarmed Combat
  1524 | D:2      | Reached XP level 4. HP: 30/35 MP: 5/7
  1878 | D:2      | Found a basalt altar of Yredelemnul.
  2310 | D:3      | Found Zin's Purification Station.
  2311 | D:3      | Found a glowing silver altar of Zin.
  2316 | D:3      | Bought a potion of curing for 60 gold pieces
  2436 | D:3      | Noticed Ijyb
  2444 | D:3      | Killed Ijyb
  2444 | D:3      | Reached XP level 5. HP: 33/40 MP: 5/9
  2570 | D:3      | Noticed Jessica
  2577 | D:3      | Killed Jessica
  2577 | D:3      | Reached skill level 5 in Unarmed Combat
  3112 | D:4      | Found a staircase to the Ecumenical Temple.
  3119 | Temple   | Entered the Ecumenical Temple
  3170 | Temple   | Became a worshipper of Makhleb the Destroyer
  3208 | D:4      | Found a sand-covered staircase.
  3393 | Ossuary  | Entered an ossuary
  4043 | Ossuary  | Reached XP level 6. HP: 44/47 MP: 10/10
  4115 | Ossuary  | Reached skill level 6 in Unarmed Combat
  4755 | D:4      | Noticed an ogre
  4786 | D:4      | Killed an ogre
  4983 | D:4      | Acquired Makhleb's first power
  5099 | D:4      | Your scales start taking on a glossy black colour.
  5099 | D:4      | Gained mutation: You are resistant to electric shocks. [draconian maturity]
  5099 | D:4      | Reached XP level 7. HP: 47/52 MP: 12/12
  5112 | D:4      | Reached skill level 7 in Unarmed Combat
  5138 | D:4      | Found a bloodstained altar of Trog.
  5263 | D:4      | Reached skill level 5 in Transmutations
  5348 | D:4      | Acquired Makhleb's second power
  5908 | D:5      | Entered Level 5 of the Dungeon
  5918 | D:5      | Noticed emiel's ghost (experienced DDBe)
  6532 | D:5      | Killed emiel's ghost
  6532 | D:5      | Reached skill level 8 in Unarmed Combat
  6532 | D:5      | Reached XP level 8. HP: 24/59 MP: 11/13
  7143 | D:5      | Found a shimmering altar of Xom.
  7209 | D:5      | Reached skill level 9 in Unarmed Combat
  8170 | D:6      | Noticed Grinder
  8192 | D:6      | Killed Grinder
  8192 | D:6      | Reached skill level 10 in Unarmed Combat
  8192 | D:6      | Reached XP level 9. HP: 64/64 MP: 14/14
  8694 | D:6      | Acquired Makhleb's third power
  9038 | D:7      | Noticed Menkaure
  9044 | D:7      | Killed Menkaure
  9536 | D:7      | Noticed Edmund
  9548 | D:7      | Killed Edmund
  9660 | D:7      | Reached skill level 11 in Unarmed Combat
  9728 | D:7      | Noticed Duvessa
  9729 | D:7      | Noticed Dowan
  9746 | D:7      | Killed Duvessa
  9755 | D:7      | Killed Dowan
  9935 | D:7      | Noticed Pikel
  9961 | D:7      | Killed Pikel
 10642 | D:8      | Found a basalt altar of Yredelemnul.
 10906 | D:8      | Reached skill level 12 in Unarmed Combat
 10906 | D:8      | Reached XP level 10. HP: 24/71 MP: 12/16
 10918 | D:8      | HP: 3/71 [orc priest/divine providence (11)]
 10986 | D:8      | HP: 3/71 [giant frog (7)]
 10991 | D:8      | Slain by a giant frog

Action                   |  1- 3 |  4- 6 |  7- 9 | 10-12 || total
-------------------------+-------+-------+-------+-------++-------
Melee: Unarmed           |   129 |   289 |   513 |     9 ||   940
 Cast: Beastly Appendage |    10 |    22 |    30 |       ||    62
       Spider Form       |     1 |     5 |     9 |     1 ||    16
Invok: Minor Destruction |       |       |     2 |       ||     2
 Abil: Breathe Lightning |       |       |     1 |       ||     1
  Use: Potion            |     1 |       |     2 |     1 ||     4
 Stab: Sleeping          |       |     2 |     2 |       ||     4
       Distracted        |       |       |     1 |       ||     1
  Eat: Chunk             |     3 |     9 |    19 |       ||    31
       Bread ration      |       |     1 |       |       ||     1
       Beef jerky        |       |       |     1 |       ||     1
